Map: Catalyst LE

Players

Losira - Winner!

  • Race: Zerg Zerg
  • Spawn Location: 11:00

BlueCheese

  • Race: Terran Terran
  • Spawn Location: 5:00

Event: IEM Season 12 - Katowice

VOD

Have the link to the VOD?

Description

Time

  • Played on: Feb. 27, 2018, 9 a.m.
  • Length: 8:54

All games in this series

Show
View Real Time Build Order
Export as new Build Order

Losira Zerg - Winner!

Build Orders: Hatch First, Muta Ling Bane 

Get SALT Encoding   

  12  0:00  Drone  
  13  0:12  Overlord  
  13  0:17  Drone  
  14  0:31  Drone x2  
  14  0:34  Drone  
  17  0:52  Hatchery  
  17  0:56  Drone  
  17  1:00  Drone  
  18  1:06  Extractor  
  17  1:15  Spawning Pool  
  17  1:18  Drone  
  17  1:22  Drone  
  18  1:28  Drone  
  19  1:40  Overlord  
  19  2:02  Queen  
  19  2:03  Zergling x4  
  19  2:04  Queen, Zergling x2  
  26  2:08  Metabolic Boost  
  26  2:12  Drone  
  27  2:16  Drone  
  29  2:22  Drone  
  29  2:26  Drone  
  30  2:32  Drone  
  31  2:37  Drone  
  31  2:38  Queen  
  31  2:44  Overlord  
  34  2:49  Drone  
  35  2:55  Overlord  
  35  2:59  Drone  
  35  3:04  Drone  
  37  3:10  Drone x4  
  37  3:12  Drone x2  
  43  3:13  Drone  
  43  3:18  Drone  
  45  3:23  Drone  
  46  3:33  Lair  
  46  3:35  Drone x2  
  46  3:36  Hatchery  
  46  3:40  Queen  
  49  3:43  Drone  
  49  3:44  Drone  
  49  3:45  Drone  
  52  3:49  Overlord  
  52  3:56  Overlord  
  52  3:57  Drone, Spine Crawler  
  52  3:59  Extractor  
  52  4:00  Extractor  
  52  4:01  Drone x2  
  52  4:08  Zergling x6  
  54  4:11  Drone  
  54  4:13  Extractor  
  54  4:17  Queen  
  54  4:21  Drone x3  
  54  4:22  Drone x3  
  62  4:26  Drone  
  63  4:36  Zergling x4, Spire  
  64  4:52  Overlord  
  62  5:09  Drone  
  62  5:10  Drone x3, Overlord  
  62  5:11  Drone x5  
  71  5:18  Drone, Evolution Chamber  
  72  5:21  Drone x2  
  72  5:22  Overlord  
  72  5:24  Extractor, Overlord  
  72  5:26  Overlord  
  72  5:27  Overlord, Extractor  
  71  5:30  Drone x2  
  71  5:31  Evolution Chamber  
  71  5:32  Drone x2  
  71  5:33  Drone, Baneling Nest  
  74  5:36  Overlord  
  74  5:39  Overlord  
  74  5:42  Drone  
  75  5:43  Drone x2  
  77  5:50  Drone  
  77  5:51  Drone x3  
  81  5:58  Mutalisk x5  
  91  6:04  Mutalisk  
  91  6:05  Mutalisk x2  
  91  6:07  Overlord  
  91  6:08  Mutalisk  
  91  6:10  Mutalisk  
  101  6:12  Overlord  
  101  6:15  Zergling x2  
  101  6:17  Drone  
  101  6:18  Zergling x4  
  105  6:19  Zergling x2  
  105  6:21  Zerg Melee Weapons Level 1  
  106  6:26  Zerg Ground Armor Level 1  
  106  6:34  Hatchery  
  106  6:37  Centrifical Hooks  
  106  6:38  Zergling x2  
  106  6:39  Zergling x4  
  108  6:41  Zergling x2  
  108  6:42  Zergling x4  
  108  6:46  Zergling x2  
  114  6:47  Zergling x6  
  114  6:50  Zergling x6  
  114  6:51  Zergling x2  
  118  6:57  Zerg Flyer Weapons Level 1  
  118  7:02  Zergling x14  
  118  7:03  Zergling x2  
  118  7:06  Baneling  
  118  7:07  Baneling x7  
  126  7:15  Zergling x2  
  126  7:16  Zergling x6  
  126  7:17  Overlord  
  126  7:20  Overlord  
  129  7:28  Baneling x16  
  129  7:31  Overlord  
  129  7:38  Baneling  
  129  7:39  Baneling x13, Zergling x2  
  129  7:40  Zergling x6  
  129  7:42  Zergling x2  
  134  7:44  Zergling x2  
  134  7:45  Zergling x4  
  134  7:48  Zergling x2  
  134  7:49  Zergling x4  
  134  7:50  Zergling x2  
  134  7:51  Zergling x2  
  142  7:57  Zergling x10  
  147  8:00  Zergling x2  
  147  8:01  Zergling x6  
  147  8:03  Zergling x2  
  152  8:06  Baneling x8  
  152  8:09  Zergling x2  
  152  8:10  Zergling x2  
  154  8:13  Zergling x2  
  154  8:14  Zergling x6  
  154  8:17  Zergling x4  
  158  8:28  Mutalisk x3  
  158  8:30  Zergling x2  
  158  8:31  Zergling x8  
  158  8:33  Zergling x6  
  160  8:36  Overlord  
Show
View Real Time Build Order
Export as new Build Order

BlueCheese Terran 

Build Orders: Reaper Expand, MMM Bio 

Get SALT Encoding   

  12  0:00  SCV  
  13  0:12  SCV  
  14  0:17  Supply Depot  
  14  0:24  SCV  
  15  0:39  SCV  
  15  0:40  Barracks  
  16  0:45  Refinery  
  16  0:51  SCV  
  17  1:03  SCV  
  18  1:16  SCV  
  19  1:27  Reaper  
  19  1:28  Orbital Command  
  20  1:41  Command Center  
  20  1:51  Supply Depot  
  20  1:53  SCV  
  21  1:59  Marine  
  22  2:05  Refinery  
  22  2:06  SCV  
  23  2:15  Factory  
  23  2:18  SCV  
  24  2:27  Barracks Reactor  
  24  2:40  SCV  
  25  2:52  SCV  
  25  2:54  Orbital Command  
  26  3:01  Starport  
  26  3:04  SCV  
  27  3:07  Hellion x2  
  31  3:13  Barracks Tech Lab  
  31  3:16  SCV  
  32  3:24  SCV  
  33  3:28  Hellion x2, SCV  
  38  3:40  SCV x2  
  40  3:45  Viking  
  40  3:46  Supply Depot  
  40  3:47  Supply Depot  
  42  3:52  SCV  
  42  3:53  SCV  
  42  3:54  Hellion  
  46  4:00  Liberator  
  46  4:07  SCV, Hellion  
  46  4:08  SCV  
  50  4:14  Command Center  
  50  4:23  SCV x2  
  55  4:25  Supply Depot  
  55  4:26  Barracks Tech Lab  
  55  4:35  SCV x2  
  57  4:40  Factory Reactor  
  57  4:46  Marine  
  57  4:47  SCV x2, Stimpack  
  57  4:48  Barracks  
  57  4:49  Barracks  
  60  4:59  SCV x2  
  51  5:11  SCV x2  
  51  5:12  Engineering Bay x2  
  51  5:15  Starport Reactor, Bunker  
  51  5:20  Marine  
  52  5:23  SCV  
  52  5:24  SCV  
  52  5:25  Orbital Command  
  57  5:28  Siege Tank  
  57  5:37  Marine x2  
  57  5:38  Missile Turret, Marine  
  57  5:39  Missile Turret  
  57  5:41  Missile Turret  
  57  5:42  SCV x2  
  62  5:44  Marine  
  62  5:45  Marine  
  62  5:49  Refinery  
  64  5:50  Refinery  
  64  5:54  SCV x2  
  64  5:55  Marine x3, Medivac x2  
  64  5:56  SCV  
  74  6:01  Supply Depot  
  74  6:02  Marine x2  
  74  6:03  Supply Depot  
  76  6:06  Siege Tank  
  76  6:08  SCV  
  80  6:13  Marine x2  
  80  6:15  Terran Infantry Armor Level 1, Terran Infantry Weapons Level 1  
  80  6:17  Marine  
  80  6:18  Orbital Command  
  83  6:20  Marine  
  83  6:22  SCV x2  
  83  6:23  Marine  
  87  6:31  Marine, Barracks  
  88  6:32  Barracks  
  88  6:34  SCV x2  
  90  6:43  Marine  
  90  6:44  Marine  
  90  6:46  SCV x3  
  95  6:50  Supply Depot  
  95  6:51  Combat Shields  
  95  6:54  Missile Turret  
  95  6:58  SCV  
  95  7:00  Medivac x2  
  101  7:01  SCV x2  
  100  7:12  SCV  
  100  7:13  SCV x2  
  101  7:20  Marine x5  
  101  7:21  Barracks Reactor  
  101  7:22  Barracks Reactor  
  106  7:24  Supply Depot, SCV  
  106  7:25  SCV x2  
  106  7:27  Armory  
  109  7:32  Supply Depot  
  109  7:42  Command Center  
  109  7:44  Supply Depot x2  
  109  7:45  SCV x3, Marine x2  
  109  7:49  Supply Depot  
  114  7:53  Marine x3  
  114  7:56  Supply Depot  
  114  7:58  SCV x2, Refinery  
  119  7:59  Refinery  
  119  8:03  Marine  
  120  8:10  Marine x3  
  120  8:11  Marine x2  
  125  8:15  Marine x3  
  125  8:16  Medivac x2  
  132  8:20  Supply Depot  
  132  8:21  Supply Depot, Marine  
  133  8:28  Marine x3  
  133  8:29  Marine  
  121  8:34  Marine x3  
  121  8:35  Marine  

Tags
 
Add a new tag
Caveats
  • Supply blocks, unpowered buildings, or Contaminate may cause inaccurate times.
  • Supply counts are checked every 10 seconds.